 Dungeon Crawl Stone Soup version 0.19.0-11-g3fc08b3 (webtiles) character file.

651 Firebatgyro the Sneak (level 7, -3/40 HPs)
             Began as a Deep Elf Hunter on Nov 8, 2016.
             Was a Believer of Dithmenos.
             Killed from afar by a hobgoblin (14 damage)
             ... with a wand of acid
             ... on level 6 of the Dungeon.
             The game lasted 00:07:47 (3977 turns).

Firebatgyro the Sneak (Deep Elf Hunter)             Turns: 3977, Time: 00:07:47

Health: -3/40      AC:  8    Str: 14    XL:     7   Next: 28%
Magic:  9/9        EV: 12    Int: 16    God:    Dithmenos [**....]
Gold:   199        SH:  4    Dex: 17    Spells: 0 memorised, 6 levels left

rFire  . . .     SeeInvis .     h - +2 dagger (elec)
rCold  . . .     Gourm    .     c - +0 leather armour
rNeg   . . .     Faith    .     p - +0 buckler
rPois  .         Spirit   .     r - +0 helmet
rElec  .         Reflect  .     e - +0 cloak
rCorr  .         Harm     .     j - +0 pair of gloves (curse)
MR     .....                    D - +1 pair of boots
Stlth  ++++......               (no amulet)
                                (no ring)
                                x - +5 ring of strength

@: wreathed by umbra
A: no striking features
a: Shadow Step, Renounce Religion


You were on level 6 of the Dungeon.
You worshipped Dithmenos.
Dithmenos was pleased with you.
You were near starving.

You visited 1 branch of the dungeon, and saw 6 of its levels.

You collected 199 gold pieces.

Inventory:

Hand Weapons
 a - a +1 shortbow
 b - a +0 short sword
 h - a +2 dagger of electrocution (weapon)
 l - the +10 mace of the Salmon {crush, rF+ Int+4, unknown}
   (You found it on level 6 of the Dungeon)

   It inflicts extra damage upon your enemies.
   It affects your intelligence (+4).
   It protects you from fire.
 q - a +0 falchion
Missiles
 d - 57 arrows
 m - 39 poisoned needles
Armour
 c - a +0 leather armour (worn)
 e - a +0 cloak (worn)
 j - a cursed +0 pair of gloves (worn)
 p - a +0 buckler (worn)
 r - a +0 helmet (worn)
 D - a +1 pair of boots (worn)
Jewellery
 x - a +5 ring of strength (left hand)
Wands
 B - a wand of acid (8/15)
Scrolls
 i - 2 scrolls of enchant armour
 s - 3 scrolls of fear
 w - 2 scrolls of identify
 y - 2 scrolls of fog
 E - a scroll of amnesia
Potions
 k - 2 potions of flight
 n - a potion of curing {unknown}
 o - 3 potions of invisibility {unknown}
 t - a potion of berserk rage {unknown}
 u - a potion of cure mutation {unknown}
 z - a potion of agility {unknown}
Comestibles
 f - 4 bread rations
 g - a beef jerky
 v - a slice of pizza
 A - 5 fruits
 C - 3 meat rations


   Skills:
 + Level 2.3 Fighting
 + Level 5.0 Short Blades
 - Level 4.9 Bows
 + Level 2.4 Dodging
 + Level 6.8 Stealth


You had 6 spell levels left.
You didn't know any spells.

Dungeon Overview and Level Annotations

Branches:
Dungeon (6/15)
 Temple: D:4-7

Altars:
Ashenzari
Dithmenos
Qazlal
Uskayaw
The Shining One

Annotations:
D:4 sodnine's ghost, amateur MiBe
D:5 Dowan


Message History

No target in view!
You see here a whip.
There is a stone staircase leading down here.
You see here a transparent mace.
l - a transparent mace
Okay, then.
A hobgoblin comes into view. It is wielding a club.
The hobgoblin moves out of view.
A hobgoblin is nearby!
Found a shattered altar of Ashenzari.
No target in view!
No target in view!
No target in view!
The hobgoblin shouts!
The hobgoblin zaps a wand.
The bolt of acid hits you!
You are splashed with acid!
The acid burns!
* * * LOW HITPOINT WARNING * * *
It is a wand of acid.
The hobgoblin zaps a wand.
The bolt of acid hits you!
You die...

## .. .# ..
#### g# ...
...###.# ..#
..... ## #.#
#..# . .
#.####@### #.
. #...._..#
###.### #.
##..#.#.#
#.....# #.#
##.....# #>
#.# ..#
##......# #.
#.#
#.###.#.....#
#.###.#
#..#....#####
#....)#
#.#####
##.#### ##.#
### #.#


You could see a hobgoblin.

Vanquished Creatures
  Duvessa (D:5)
  An ogre (D:5)
  A scorpion (D:6)
  A centaur zombie (D:5)
  A jelly (D:6)
  2 orc priests
  An orc wizard (D:3)
  Terence (D:3)
  2 worker ants (D:4)
  Robin (D:2)
  A worker ant zombie (D:5)
  A gnoll (D:1)
  5 adders
  A shadow imp (D:5)
  3 oozes
  A worm (D:2)
  3 dart slugs
  4 leopard geckos
  6 orcs
  4 giant cockroaches
  16 goblins
  9 hobgoblins
  8 jackals
  8 kobolds
  A quokka (D:3)
  A ball python (D:3)
  8 bats
  2 frilled lizards
  9 rats
103 creatures vanquished.

Notes
Turn   | Place    | Note
-------+----------+-------------------------------------------
     0 | D:1      | Firebatgyro the Deep Elf Hunter began the quest for the Orb.
     0 | D:1      | Reached XP level 1. HP: 12/12 MP: 3/3
    24 | D:1      | Reached XP level 2. HP: 17/17 MP: 4/4
   341 | D:1      | Reached XP level 3. HP: 19/21 MP: 5/5
   655 | D:1      | Reached skill level 2 in Stealth
   949 | D:2      | Found a stormy altar of Qazlal.
   950 | D:2      | Noticed an air elemental
   951 | D:2      | Noticed a water elemental
   951 | D:2      | Noticed a fire elemental
   951 | D:2      | Noticed an earth elemental
   976 | D:2      | Noticed Robin
  1006 | D:2      | Reached skill level 1 in Short Blades
  1017 | D:2      | Killed Robin
  1017 | D:2      | Reached XP level 4. HP: 18/26 MP: 6/6
  1026 | D:2      | Reached skill level 3 in Stealth
  1208 | D:2      | Found a shadowy altar of Dithmenos.
  1317 | D:2      | Became a worshipper of Dithmenos the Shadowed
  1862 | D:3      | Reached * piety under Dithmenos
  1923 | D:3      | Found a hide-covered altar of Uskayaw.
  1923 | D:3      | Found a glowing golden altar of the Shining One.
  2083 | D:3      | Noticed Terence
  2090 | D:3      | Killed Terence
  2090 | D:3      | Reached skill level 4 in Stealth
  2090 | D:3      | Reached XP level 5. HP: 30/30 MP: 7/7
  2476 | D:4      | Noticed sodnine's ghost (amateur MiBe)
  2755 | D:3      | Reached XP level 6. HP: 24/35 MP: 8/8
  3279 | D:3      | Reached skill level 5 in Stealth
  3406 | D:5      | Entered Level 5 of the Dungeon
  3448 | D:5      | Noticed Duvessa
  3448 | D:5      | Noticed Dowan
  3476 | D:5      | Reached ** piety under Dithmenos
  3476 | D:5      | Reached skill level 6 in Stealth
  3586 | D:5      | Killed Duvessa
  3586 | D:5      | Reached XP level 7. HP: 39/40 MP: 9/9
  3938 | D:6      | Reached skill level 5 in Short Blades
  3957 | D:6      | Got a transparent mace
  3975 | D:6      | Found a shattered altar of Ashenzari.
  3977 | D:6      | Killed from afar by a hobgoblin

Skill      XL: |  1  2  3  4  5  6  7 |
---------------+----------------------+-----
Fighting       | 2 |  2.3
Stealth        | 2 4 6 |  6.8
Short Blades   | 1 2 3 4 5 |  5.0
Bows           | |  4.9
Dodging        | |  2.4

Action                   |  1- 3 |  4- 6 |  7- 9 || total
-------------------------+-------+-------+-------++-------
Melee: Dagger            |    75 |   157 |     8 ||   240
 Fire: Shortbow          |    22 |       |       ||    22
  Use: Scroll            |       |     9 |       ||     9
 Stab: Sleeping          |     2 |    13 |     2 ||    17
  Eat: Chunk             |       |     8 |       ||     8
Armor: Leather armour    |    26 |    29 |     3 ||    58
Dodge: Dodged            |    33 |    70 |     2 ||   105
Block: Buckler           |     4 |    17 |       ||    21
